 Dungeon Crawl Stone Soup version 0.21.1-1-g345015f (webtiles) character file.

146 Labyrinth the Firebug (level 5, 0/60 HPs)
             Began as a Draconian Fire Elementalist on July 26, 2018.
             Slain by lysyklops's ghost (3 damage)
             ... on level 3 of the Dungeon.
             The game lasted 00:09:13 (2539 turns).

Labyrinth the Firebug (Draconian Fire Elementalist) Turns: 2539, Time: 00:09:14

Health: 0/60       AC: 22    Str: 11    XL:     5   Next: 7%
Magic:  0/9        EV:  2    Int: 15    God:
Gold:   118        SH:  0    Dex: 12    Spells: 3/9 levels left

rFire    . . .     SeeInvis .   c - +3 whip
rCold    . . .     Gourm    .   (no shield)
rNeg     + + +     Faith    .   (armour unavailable)
rPois    +         Spirit   .   (helmet currently unavailable)
rElec    .         Reflect  .   (cloak currently unavailable)
rCorr    .         Harm     .   (gloves currently unavailable)
MR       .....     NoTele   +   (boots currently unavailable)
Stlth    ++........             (no amulet)
HPRegen  0.20/turn              e - ring of positive energy
MPRegen  0.11/turn              (no ring)

@: tree-form, very slightly contaminated
A: unfitting armour, AC +5
a: no special abilities


You were on level 3 of the Dungeon.
You were hungry.
You were a tree.
You visited 1 branch of the dungeon, and saw 3 of its levels.

You collected 118 gold pieces.

Inventory:

Hand Weapons
 c - a +3 whip (weapon)
 g - a +0 scimitar
 n - a +0 spear
 p - a +1 hunting sling of flaming
Missiles
 h - 59 stones (quivered)
 j - 32 arrows
Jewellery
 e - a ring of positive energy (left branch)
Potions
 d - a potion of invisibility {unknown}
 i - a potion of haste {unknown}
 k - a potion of degeneration {unknown}
 m - a potion of ambrosia {unknown}
 o - a potion of berserk rage {unknown}
Books
 a - a book of Flames

   Spells                             Type                      Level
   a - Flame Tongue                   Conjuration/Fire             1
   b - Throw Flame                    Conjuration/Fire             2
   c - Conjure Flame                  Conjuration/Fire             3
   d - Inner Flame                    Hexes/Fire                   3
   e - Sticky Flame                   Conjuration/Fire             4
   f - Fireball                       Conjuration/Fire             5
Comestibles
 b - 4 rations
 l - 4 chunks of flesh


   Skills:
 + Level 1.0 Fighting
 + Level 0.1 Long Blades
 + Level 0.7 Maces & Flails
 + Level 2.2 Dodging
 + Level 2.2 Stealth
 + Level 2.7 Spellcasting
 + Level 2.0 Conjurations
 + Level 4.2 Fire Magic


You had 3 spell levels left.
You knew the following spells:

 Your Spells              Type           Power        Failure   Level  Hunger
a - Flame Tongue          Conj/Fire      ##...        6%          1    #......
b - Throw Flame           Conj/Fire      ##....       9%          2    ##.....
c - Conjure Flame         Conj/Fire      ##......     17%         3    ###....


Dungeon Overview and Level Annotations

Branches:
Dungeon (3/15)

Altars:
Uskayaw

Annotations:
D:3 lysyklops's ghost, amateur DrFi


Innate Abilities, Weirdness & Mutations

((Your plain brown scales are hard. (AC +5)))
You cannot fit into any form of body armour.
((You are cold-blooded and may be slowed by cold attacks.))


Message History

* * * LOW HITPOINT WARNING * * *
You hit lysyklops's ghost but do no damage.
Lysyklops's ghost is heavily damaged.
Lysyklops's ghost hits you.
* * * LOW HITPOINT WARNING * * *
Casting: Flame Tongue
Confirm with . or Enter, or press ? or * to list all spells.
Aiming: Flame Tongue
Press: ? - help, Shift-Dir - straight line, f/p - lysyklops's ghost
Aim: lysyklops's ghost (heavily damaged)
You miscast Flame Tongue.
Nothing appears to happen.
Lysyklops's ghost hits you.
* * * LOW HITPOINT WARNING * * *
You barely miss lysyklops's ghost.
Lysyklops's ghost is heavily damaged.
Lysyklops's ghost hits you but does no damage.
You barely miss lysyklops's ghost.
Lysyklops's ghost is heavily damaged.
Lysyklops's ghost hits you.
You die...

...............########
.....##.###....# . ##
#..............# .. .
####.##.......## ..
#..#
.##.####..######.... ..
. #.##.##.#..##.(.g..W.
. ...........##)# #..#
. ..........###W# ....
. .#.#.##..####♣# ##.#
.. .........#.##.#
###.# ..
..............# #....
.# .#.##.#..#.#..#
#.#.#
.##.#.##..........# ...
....#.##..........# #.#
...... #..........# #.#
>##.####...........#
.###..
..................##
......


You could see lysyklops's ghost.

Vanquished Creatures
  4 gnolls (D:3)
  5 adders (D:2)
  A worm (D:3)
  A leopard gecko (D:2)
  6 bats
  3 giant cockroaches
  8 goblins
  10 hobgoblins
  2 jackals (D:3)
  A ball python (D:3)
  4 frilled lizards
  8 kobolds
  7 rats
60 creatures vanquished.

Notes
Turn   | Place    | Note
-------+----------+-------------------------------------------
     0 | D:1      | Labyrinth the Draconian Fire Elementalist began the quest for the Orb.
     0 | D:1      | Reached XP level 1. HP: 14/14 MP: 3/3
   325 | D:1      | Reached XP level 2. HP: 20/20 MP: 3/5
   900 | D:2      | Found a hide-covered altar of Uskayaw.
   939 | D:2      | Learned a level 2 spell: Throw Flame
   941 | D:2      | Reached XP level 3. HP: 23/26 MP: 2/6
  1400 | D:2      | Reached skill level 4 in Fire Magic
  1561 | D:2      | Reached XP level 4. HP: 15/33 MP: 0/7
  1963 | D:3      | HP: 1/33 [gnoll/spear (6)]
  2466 | D:3      | Learned a level 3 spell: Conjure Flame
  2514 | D:3      | Noticed lysyklops's ghost (amateur DrFi)
  2524 | D:3      | Reached skill level 1 in Fighting
  2524 | D:3      | Reached XP level 5. HP: 10/40 MP: 0/9
  2537 | D:3      | HP: 3/60 [lysyklops's ghost (2)]
  2539 | D:3      | Slain by lysyklops's ghost

Skill      XL: |  1  2  3  4 |
---------------+-------------+-----
Fire Magic     | 4 |  4.2
Dodging        | 2 |  2.2
Conjurations   | 2 |  2.0
Stealth        | 2 |  2.2
Fighting       | 1 |  1.0
Long Blades    | |  0.1
Maces & Flails | |  0.7
Spellcasting   | |  2.7

Action                   |  1- 3 |  4- 6 || total
-------------------------+-------+-------++-------
Melee: Dagger            |    12 |       ||    12
       Tailslap          |     3 |     7 ||    10
       Whip              |     1 |    36 ||    37
       Scimitar          |    20 |    11 ||    31
Throw: Stone             |       |     5 ||     5
 Cast: Flame Tongue      |    41 |    25 ||    66
       Throw Flame       |     2 |    14 ||    16
  Use: Scroll            |     4 |     1 ||     5
       Potion            |       |     1 ||     1
  Eat: Chunk             |     1 |     2 ||     3
       Ration            |     1 |       ||     1
Armor: Skin              |    18 |    19 ||    37
Dodge: Dodged            |    40 |    31 ||    71
       Rpst.: Scimitar   |     8 |     2 ||    10
